 Dungeon Crawl Stone Soup version 0.19.1-1-g22dce08 (webtiles) character file.

214 nikopol the Skirmisher (level 5, 0/49 HPs)
             Began as a Gargoyle Berserker on Jan 15, 2017.
             Was a Priest of Trog.
             Slain by a gnoll
             ... wielding a +0 flail
              (8 damage)
             ... on level 3 of the Dungeon.
             The game lasted 00:04:30 (2453 turns).

nikopol the Skirmisher (Gargoyle Berserker)         Turns: 2453, Time: 00:04:32

Health: 0/49       AC:  6    Str: 25    XL:     5   Next: 91%
Magic:  5/5        EV: 12    Int:  8    God:    Trog [***...]
Gold:   238        SH:  0    Dex: 10    Spells: 0 memorised, 4 levels left

rFire  . . .     SeeInvis .     a - +0 hand axe
rCold  . . .     Gourm    .     b - +0 animal skin
rNeg   + . .     Faith    .     (no shield)
rPois  ∞         Spirit   .     (no helmet)
rElec  +         Reflect  .     (no cloak)
rCorr  .         Harm     .     (no gloves)
MR     .....                    (no boots)
Stlth  ..........               (no amulet)
                                (no ring)
                                (no ring)

@: berserking, very quick
A: negative energy resistance 1, electricity resistance, unbreathing,
petrification resistance, rot immunity, AC +4
a: Berserk, Trog's Hand, Burn Spellbooks, Renounce Religion


You were on level 3 of the Dungeon.
You worshipped Trog.
Trog was most pleased with you.
You were very hungry.

You visited 1 branch of the dungeon, and saw 3 of its levels.

You collected 238 gold pieces.

Inventory:

Hand Weapons
 a - a +0 hand axe (weapon)
Missiles
 w - 34 arrows (quivered)
Armour
 b - a +0 animal skin (worn)
Jewellery
 i - an uncursed ring of resist corrosion {unknown}
 o - a cursed -2 ring of dexterity {unknown}
 p - an uncursed amulet of magic regeneration {unknown}
 r - a +5 ring of strength {unknown}
 t - an uncursed ring of resist corrosion {unknown}
 y - a cursed amulet of inaccuracy {unknown}
Scrolls
 d - 3 scrolls of recharging {unknown}
 e - 10 scrolls of identify {unknown}
 j - a scroll of amnesia {unknown}
 l - 4 scrolls of teleportation {unknown}
 n - 2 scrolls of remove curse {unknown}
 v - 2 scrolls of random uselessness {unknown}
Potions
 f - 2 potions of curing {unknown}
 g - 4 potions of might {unknown}
 h - a potion of flight {unknown}
 k - a potion of brilliance {unknown}
 m - 4 potions of heal wounds {unknown}
 u - 2 potions of agility {unknown}
 z - a potion of cure mutation {unknown}
Comestibles
 c - a bread ration
 q - 2 beef jerkies
 s - a meat ration
 x - 2 chunks of flesh
 A - a slice of pizza


   Skills:
 + Level 4.2 Fighting
 * Level 4.1 Axes
 + Level 3.2 Armour
 + Level 2.7 Dodging


You had 4 spell levels left.
You didn't know any spells.

Dungeon Overview and Level Annotations

Branches:
Dungeon (3/15)

Altars:
Cheibriados
Dithmenos
Kikubaaqudgha
Okawaru


Innate Abilities, Weirdness & Mutations

You are resistant to torment.
Your stone body is resilient. (AC +4)
You are immune to poison.
You resist negative energy. (rN+)
You are resistant to electric shocks. (rElec)
You can survive without breathing.
You are immune to petrification.
You are immune to rotting.


Message History

You are too injured to fight recklessly!
You are too injured to fight recklessly!
A red film seems to cover your vision as you go berserk!
You feel yourself moving faster!
You feel mighty!
You are feeling very hungry.
The gnoll barely misses you. The worm misses you.
You hit the worm.
You feel the power of Trog in you as your rage grows.
You kill the worm!
Trog accepts your kill.
You slash the kobold!
You kill the kobold!
Trog accepts your kill. The gnoll misses you. The gnoll misses you.
The gnoll closely misses you. The gnoll misses you.
Things that are here:
an enchanted dagger; a worm corpse You closely miss the gnoll.
You hit the gnoll. You barely miss the gnoll. The gnoll barely misses you.
The gnoll hits you with a flail!
You die...

###....#>.......
##...............
##....####.#.###..
##....## #.#.# #..
#....######.#.# ..
#.<†......#.#.##
##.######..... .## #)#
##.... .. #@# ##......
# #.ggg...........####
#........##.......)..
#........##....##.#..
#........##....#..†.)
.........##.........†
..#.......##..........
...#.......##....#.....
...#######.....


You could see 3 gnolls.

Vanquished Creatures
  Natasha (thrice) (D:2)
  A hound skeleton (D:3)
  4 adders
  3 oozes
  2 worms
  A dart slug (D:1)
  2 leopard geckos (D:2)
  An orc (D:3)
  A ball python (D:3)
  7 bats
  2 giant cockroaches
  13 goblins
  8 hobgoblins
  3 jackals (D:2)
  5 kobolds
  A quokka (D:3)
  6 frilled lizards
  7 rats
  2 fungi (D:1)
72 creatures vanquished.

Notes
Turn   | Place    | Note
-------+----------+-------------------------------------------
     0 | D:1      | nikopol the Gargoyle Berserker began the quest for the Orb.
     0 | D:1      | Reached XP level 1. HP: 14/14 MP: 1/1
   142 | D:1      | Reached XP level 2. HP: 14/19 MP: 2/2
   630 | D:1      | Reached XP level 3. HP: 20/23 MP: 3/3
  1129 | D:2      | Reached ** piety under Trog
  1214 | D:2      | Noticed Natasha
  1233 | D:2      | Killed Natasha
  1233 | D:2      | Reached XP level 4. HP: 8/29 MP: 4/4
  1311 | D:2      | Noticed Natasha
  1320 | D:2      | Killed Natasha
  1367 | D:2      | Noticed Natasha
  1572 | D:2      | Killed Natasha
  1572 | D:2      | Reached XP level 5. HP: 27/33 MP: 5/5
  1744 | D:2      | Found an ancient bone altar of Kikubaaqudgha.
  1841 | D:2      | Found a snail-covered altar of Cheibriados.
  1841 | D:2      | Found an iron altar of Okawaru.
  2018 | D:2      | Found a shadowy altar of Dithmenos.
  2298 | D:3      | Reached *** piety under Trog
  2453 | D:3      | Slain by a gnoll

Skill      XL: |  1  2  3  4  5 |
---------------+----------------+-----
Axes           | 3 4 |  4.1
Dodging        | 2 |  2.7
Fighting       | 4 |  4.2
Armour         | 3 |  3.2

Action                   |  1- 3 |  4- 6 || total
-------------------------+-------+-------++-------
Melee: Hand axe          |   123 |   126 ||   249
Invok: Berserk           |       |     2 ||     2
  Eat: Chunk             |     1 |     5 ||     6
Armor: Animal skin       |    34 |    47 ||    81
Dodge: Dodged            |    60 |    95 ||   155
